 Dungeon Crawl Stone Soup version 0.18.1-48-g4cf74bf (webtiles) character file.

6226 nikopol the Cleaver (level 10, 0/90 HPs)
             Began as a Minotaur Berserker on Aug 31, 2016.
             Was a High Priest of Trog.
             Slain by a vampire (5 damage)
             ... on level 9 of the Dungeon.
             The game lasted 00:18:31 (8677 turns).

nikopol the Cleaver (Minotaur Berserker)            Turns: 8677, Time: 00:18:32

Health: 0/90       AC: 14    Str: 23    XL:     10   Next: 61%
Magic:  9/9        EV: 18    Int:  4    God:    Trog [*****.]
Gold:   317        SH:  0    Dex: 12    Spells: 0 memorised, 9 levels left

rFire  . . .     SeeInvis .     J - +3 hand axe (curse)
rCold  . . .     Gourm    .     l - +0 scale mail
rNeg   . . .     Faith    .     (no shield)
rPois  .         Spirit   .     (helmet restricted)
rElec  .         Dismiss  .     d - +1 cloak
rCorr  .         Reflect  .     (no gloves)
SustAt .         Harm     .     (no boots)
MR     .....                    (no amulet)
Stlth  ..........               G - +4 ring of protection
                                E - +5 ring of evasion

@: exhausted, slowed, very slow, not resistant to hostile enchantments,
extremely unstealthy
A: retaliatory headbutt, horns 2
a: Berserk, Trog's Hand, Brothers in Arms, Burn Spellbooks, Renounce Religion


You were on level 9 of the Dungeon.
You worshipped Trog.
Trog was extremely pleased with you.
You were very hungry.

You visited 1 branch of the dungeon, and saw 9 of its levels.
You also visited: Sewer.

You collected 317 gold pieces.

Inventory:

Hand Weapons
 a - a +0 hand axe
 z - a +0 shortbow
 J - a cursed +3 hand axe (weapon)
 N - a +0 war axe
Missiles
 g - 189 arrows (quivered)
Armour
 b - a +0 animal skin
 d - a +1 cloak (worn)
 f - a +0 ring mail
 k - a +0 cloak
 l - a +0 scale mail (worn)
Jewellery
 E - a +5 ring of evasion (left hand)
 G - a +4 ring of protection (right hand)
 O - an uncursed ring of poison resistance {unknown}
Wands
 M - a wand of hasting (5/9)
Scrolls
 m - a scroll of blinking {unknown}
 o - 8 scrolls of identify
 q - a scroll of fear
 s - a scroll of magic mapping
 u - 4 scrolls of noise {unknown}
 w - 4 scrolls of teleportation {unknown}
 y - 3 scrolls of fog {unknown}
 D - a scroll of enchant armour {unknown}
 H - a scroll of amnesia {unknown}
 K - a scroll of acquirement {unknown}
 L - 2 scrolls of enchant weapon {unknown}
Potions
 e - 2 potions of flight
 h - 4 potions of magic {unknown}
 i - 2 potions of heal wounds {unknown}
 j - 2 potions of brilliance {unknown}
 n - a potion of mutation {unknown}
 p - a potion of resistance {unknown}
 r - 2 potions of degeneration {unknown}
 t - a potion of curing {unknown}
 v - a potion of haste {unknown}
 x - 5 potions of might {unknown}
 A - a potion of lignification {unknown}
 B - 3 potions of cure mutation {unknown}
 P - a potion of experience {unknown}
Comestibles
 c - 9 bread rations
 C - 2 beef jerkies
 F - 5 meat rations
 I - 7 fruits
 Q - 7 chunks of flesh


   Skills:
 + Level 8.7 Fighting
 * Level 11.3 Axes
 * Level 7.3 Bows
 + Level 8.5 Armour
 + Level 7.5 Dodging


You had 9 spell levels left.
You didn't know any spells.

Dungeon Overview and Level Annotations

Branches:
Dungeon (9/15)             Temple (0/1) D:5            Lair (0/8) D:9
    Orc: D:9-12

Altars:
Fedhas
Gozag
Kikubaaqudgha
Nemelex Xobeh
Pakellas
Sif Muna
Trog
Xom
Yredelemnul
Zin

Shops:
D:8 =   D:9 [


Innate Abilities, Weirdness & Mutations

You reflexively headbutt those who attack you in melee.
You have a pair of horns on your head.


Message History

A vampire appears from thin air!
Reactivating autopickup.
The vampire hits you but does no damage.
The vampire closely misses you.
The vampire gestures wildly while chanting.
The vampire flickers and vanishes!
Deactivating autopickup; reactivate with Ctrl-A.
Something hits you.
* * * LOW HITPOINT WARNING * * *
Something bites you but does no damage. Something hits you but does no damage.
Something closely misses you. Something hits you.
* * * LOW HITPOINT WARNING * * *
Something bites you but does no damage.
You closely miss something. Something closely misses you. Something bites you.
* * * LOW HITPOINT WARNING * * *
You closely miss something. Something barely misses you. Something bites you.
* * * LOW HITPOINT WARNING * * *
You closely miss something. Something hits you.
You die...

...# #.# <..# #.#
...# #.# ...# #.#
...# #.# รท..# #.#
...# #.#
...#####.#########
................@#
##################


There were no monsters in sight!

Vanquished Creatures
  Erolcha (D:8)
  An ugly thing (D:9)
  An elephant (D:9)
  A troll (D:7)
  2 hungry ghosts
  5 yaks
  2 hippogriffs (D:9)
  A sky beast (D:5)
  An orc warrior (D:7)
  4 ogres
  3 ice beasts
  2 phantoms (D:4)
  2 necrophages
  2 crocodiles (D:9)
  4 centaurs
  A giant frog (D:4)
  3 scorpions
  9 wights (D:8)
  6 howler monkeys
  3 crimson imps
  2 quasits
  A centaur skeleton (D:7)
  3 hounds
  4 orc priests
  5 orc wizards
  A jelly (D:6)
  An iguana (D:3)
  5 worker ants
  A hound zombie (D:8)
  11 adders
  2 river rats (D:5)
  2 shadow imps
  3 oozes
  An adder zombie (D:8)
  A worm (D:5)
  5 giant geckos
  21 orcs
  11 bats
  11 giant cockroaches
  3 goblins
  A hobgoblin (D:3)
  25 jackals
  8 kobolds
  A quokka (D:2)
  5 ball pythons
  A giant gecko skeleton (D:4)
  11 giant newts
  2 quokka skeletons (D:5)
  7 rats
  A spectral orc (D:2)
  2 plants (Sewer)
212 creatures vanquished.

Vanquished Creatures (others)
  A plant (Sewer)
1 creature vanquished.

Grand Total: 213 creatures vanquished

Notes
Turn   | Place    | Note
--------------------------------------------------------------
     0 | D:1      | nikopol the Minotaur Berserker began the quest for the Orb.
     0 | D:1      | Reached XP level 1. HP: 19/19 MP: 0/0
   277 | D:1      | Reached XP level 2. HP: 27/27 MP: 1/1
   904 | D:2      | Reached ** piety under Trog
   907 | D:2      | Reached skill level 4 in Axes
   907 | D:2      | Reached XP level 3. HP: 30/33 MP: 2/2
  1146 | D:2      | Found a basalt altar of Yredelemnul.
  1219 | D:2      | Reached XP level 4. HP: 33/40 MP: 3/3
  1702 | D:3      | Reached *** piety under Trog
  1819 | D:3      | Reached XP level 5. HP: 47/47 MP: 4/4
  1992 | D:3      | Reached skill level 5 in Axes
  2093 | D:4      | Reached skill level 5 in Fighting
  2109 | D:4      | Reached XP level 6. HP: 46/56 MP: 5/5
  2298 | D:4      | Found an ancient bone altar of Kikubaaqudgha.
  2334 | D:4      | Found an opulent altar of Gozag.
  2334 | D:4      | Reached skill level 6 in Axes
  2380 | D:4      | Reached skill level 5 in Armour
  2380 | D:4      | Reached XP level 7. HP: 23/61 MP: 6/6
  2879 | D:4      | Found a sparkling altar of Nemelex Xobeh.
  2927 | D:5      | Entered Level 5 of the Dungeon
  2993 | D:5      | Found a glowing drain.
  3004 | D:5      | Reached **** piety under Trog
  3010 | Sewer    | Entered a sewer
  3885 | D:5      | Reached skill level 5 in Dodging
  3951 | D:5      | Reached skill level 7 in Axes
  3962 | D:5      | Reached XP level 8. HP: 5/71 MP: 7/7
  4595 | D:5      | Found a deep blue altar of Sif Muna.
  4596 | D:5      | Found an oddly glowing altar of Pakellas.
  4598 | D:5      | Found a glowing silver altar of Zin.
  4611 | D:5      | Reached skill level 1 in Bows
  4680 | D:5      | Found a staircase to the Ecumenical Temple.
  4786 | D:5      | Reached skill level 8 in Axes
  4941 | D:6      | Found a shimmering altar of Xom.
  5985 | D:7      | Reached XP level 9. HP: 71/79 MP: 8/8
  6130 | D:7      | Reached skill level 9 in Axes
  6137 | D:7      | Reached ***** piety under Trog
  6387 | D:7      | Found a blossoming altar of Fedhas.
  6424 | D:7      | Found a bloodstained altar of Trog.
  6424 | D:7      | Noticed a troll
  6437 | D:7      | Killed a troll
  6981 | D:8      | Found Tysyrach's Jewellery Emporium.
  7199 | D:8      | Reached skill level 5 in Bows
  7320 | D:8      | Noticed Erolcha
  7339 | D:8      | Killed Erolcha
  7339 | D:8      | Reached skill level 10 in Axes
  7425 | D:8      | Reached XP level 10. HP: 62/88 MP: 9/9
  7990 | D:9      | Found Hitimefe's Antique Armour Emporium.
  8134 | D:9      | Found a staircase to the Lair.
  8134 | D:9      | Noticed an elephant
  8147 | D:9      | Killed an elephant
  8153 | D:9      | Reached skill level 11 in Axes
  8487 | D:9      | Received a gift from Trog
  8638 | D:9      | Noticed a purple ugly thing
  8650 | D:9      | Killed a purple ugly thing
  8677 | D:9      | Slain by a vampire

Skill      XL: |  1  2  3  4  5  6  7  8  9 10 |
---------------+-------------------------------+-----
Fighting       | 4 5 6 7 8 |  8.7
Armour         | 3 4 5 6 7 8 |  8.5
Axes           | 4 5 6 7 8 10 11 | 11.3
Dodging        | 3 4 5 6 7 |  7.5
Bows           | 3 5 7 |  7.3

Action                   |  1- 3 |  4- 6 |  7- 9 | 10-12 || total
-------------------------+-------+-------+-------+-------++-------
Melee: Hand axe          |    63 |   137 |   362 |    88 ||   650
       Headbutt          |    11 |    24 |    85 |    19 ||   139
 Fire: Shortbow          |       |       |   127 |     4 ||   131
Invok: Berserk           |       |     1 |     1 |     2 ||     4
       Trog's Hand       |       |     1 |       |       ||     1
       Burn Spellbooks   |       |       |     1 |       ||     1
  Use: Scroll            |       |       |     5 |       ||     5
  Eat: Chunk             |     1 |     5 |    18 |     5 ||    29
       Royal jelly       |       |       |     1 |       ||     1
       Beef jerky        |       |       |     1 |       ||     1
       Fruit             |       |       |       |     1 ||     1
Armor: Animal skin       |     7 |       |       |       ||     7
       Ring mail         |    19 |    59 |    51 |       ||   129
       Scale mail        |       |       |    52 |    38 ||    90
Dodge: Dodged            |    38 |    99 |   239 |    99 ||   475
